[Event "Niedersachsen-ch B 2024"]
[Site "Verden Aller"]
[Date "2024.01.06"]
[Round "6.1"]
[White "Richter, Silas"]
[Black "Rossberg, Jonathan"]
[Result "1/2-1/2"]
[ECO "B43"]
[WhiteElo "1614"]
[BlackElo "1818"]
[Annotator "NA RC"]
[PlyCount "124"]
[EventDate "2024.01.01"]
[EventType "swiss"]
[EventCountry "GER"]
[SourceTitle "playchess.com"]
[Source "ChessBase"]
[SourceQuality "1"]
[TimeControl "40/5400+30:1800+30"]

1. e4 c5 2. Nf3 e6 3. d4 cxd4 4. Nxd4 a6 5. Nc3 Qc7 6. Be2 Nf6 7. f3 b5 8. Be3 Bb7 9. Qd2 d5 10. exd5 Nxd5 11. Nxd5 Bxd5 12. O-O Bd6 13. f4 O-O 14. h3 Nc6 15. f5 Nxd4 16. Bxd4 f6 17. fxe6 Bxe6 18. Bf3 Rad8 19. Qe3 Be5 20. Bxe5 Qxe5 21. Qxe5 fxe5 22. Rae1 Bc4 23. Rf2 Rfe8 24. Bb7 Rd6 25. Rf5 Rd2 26. Bxa6 Rxc2 27. Rfxe5 Ra8 28. Bxb5 Bxb5 29. Rxb5 Rxa2 30. Rb8+ Kf7 31. Rf1+ Kg6 32. Rf2 Ra1+ 33. Rf1 Ra2 34. Rb6+ Kh5 35. Rf5+ g5 36. Rfb5 Ra1+ 37. Kh2 Rf1 38. Rc5 Rh1+ 39. Kxh1 Rxc5 40. Kg1 g4 41. Kh2 gxh3 42. Kxh3 Kg5 43. Kg3 Rc1 44. Kf3 Rf1+ 45. Kg3 Rd1 46. b4 Rd3+ 47. Kh2 Rb3 48. b5 h6 49. Rb8 Kg6 50. b6 Kg7 51. b7 Kh7 52. Kg1 Rb2 53. Kf1 Kg7 54. g4 Kh7 55. Ke1 Kg7 56. Kd1 Kh7 57. Kc1 Rb6 58. Kd2 Kg7 59. Ke3 Rb1 60. Kd4 Rd1+ 61. Ke3 Re1+ 62. Kd3 Rb1 1/2-1/2

[Event "Niedersachsen-ch B 2024"]
[Site "Verden Aller"]
[Date "2024.01.06"]
[Round "6.2"]
[White "Schoene, Finn"]
[Black "Goes, Carsten"]
[Result "1/2-1/2"]
[ECO "D00"]
[WhiteElo "1626"]
[BlackElo "1676"]
[Annotator "NA RC"]
[PlyCount "59"]
[EventDate "2024.01.01"]
[EventType "swiss"]
[EventCountry "GER"]
[SourceTitle "playchess.com"]
[Source "ChessBase"]
[SourceQuality "1"]
[TimeControl "40/5400+30:1800+30"]

1. d4 d5 2. Nc3 Nf6 3. Bf4 a6 4. e3 e6 5. Nf3 c5 6. dxc5 Bxc5 7. Bd3 Nbd7 8. g4 b5 9. Ne5 Bb7 10. g5 Ne4 11. Bxe4 Nxe5 12. Bxe5 dxe4 13. Bxg7 Rg8 14. Bf6 Be7 15. Qxd8+ Rxd8 16. Bxe7 Kxe7 17. h4 f6 18. gxf6+ Kxf6 19. Ke2 b4 20. Na4 Bc6 21. Nc5 Bb5+ 22. Ke1 Rc8 23. Nxe4+ Ke5 24. Ng5 Rxc2 25. Rg1 Re2+ 26. Kd1 Rd8+ 27. Kc1 Rc8+ 28. Kd1 Rd8+ 29. Kc1 Rc8+ 30. Kd1 1/2-1/2

[Event "Niedersachsen-ch B 2024"]
[Site "Verden Aller"]
[Date "2024.01.06"]
[Round "6.3"]
[White "Silber, Stefanie"]
[Black "Freise, Linus"]
[Result "1-0"]
[ECO "A35"]
[WhiteElo "1581"]
[BlackElo "1480"]
[Annotator "NA RC"]
[PlyCount "70"]
[EventDate "2024.01.01"]
[EventType "swiss"]
[EventCountry "GER"]
[SourceTitle "playchess.com"]
[Source "ChessBase"]
[SourceQuality "1"]
[TimeControl "40/5400+30:1800+30"]

1. c4 c5 2. Nf3 Nc6 3. Nc3 g6 4. e3 Bg7 5. d4 cxd4 6. exd4 d6 7. Be2 Bd7 8. O-O e5 9. d5 Nce7 10. Qb3 b6 11. Re1 f5 12. Qb4 e4 13. Ng5 h6 14. Nh3 Be5 15. Bf4 Nf6 16. f3 Bd4+ 17. Nf2 Bc5 18. Qb3 g5 19. Bc1 e3 20. Nd3 f4 21. Ne4 Nf5 22. Rb1 Qe7 23. Nexc5 dxc5 24. Qc3 Nd4 25. b4 g4 26. Nxf4 gxf3 27. Bxf3 Nxf3+ 28. gxf3 Qg7+ 29. Kh1 Rg8 30. Bxe3 cxb4 31. Bxb6+ Kf7 32. Qxb4 Rae8 33. Bd4 a5 34. Qd6 Bf5 35. Rxe8 Nxe8 1-0

[Event "Niedersachsen-ch B 2024"]
[Site "Verden Aller"]
[Date "2024.01.06"]
[Round "6.4"]
[White "Rademacher, Bengt"]
[Black "Kraeuter, Paavo Alexander"]
[Result "0-1"]
[ECO "C01"]
[WhiteElo "1702"]
[BlackElo "1832"]
[Annotator "NA RC"]
[PlyCount "48"]
[EventDate "2024.01.01"]
[EventType "swiss"]
[EventCountry "GER"]
[SourceTitle "playchess.com"]
[Source "ChessBase"]
[SourceQuality "1"]
[TimeControl "40/5400+30:1800+30"]

1. e4 e6 2. d4 d5 3. exd5 exd5 4. Nf3 Nf6 5. c4 Bb4+ 6. Nbd2 O-O 7. Be2 Bg4 8. O-O dxc4 9. Nxc4 h6 10. Qb3 Nc6 11. Nce5 Nxd4 12. Nxd4 Qxd4 13. Nxg4 Nxg4 14. Bxg4 Qxg4 15. a3 Bd6 16. Qxb7 Rfb8 17. Qd5 Rd8 18. Qa5 Qd4 19. Rb1 c5 20. Be3 Qe5 21. g3 c4 22. Bd2 Bc7 23. Qc3 Rd3 24. Rfe1 Qd5 0-1

[Event "Niedersachsen-ch B 2024"]
[Site "Verden Aller"]
[Date "2024.01.06"]
[Round "6.5"]
[White "Woellermann, Ludger"]
[Black "Berkenkamp, Matthis"]
[Result "0-1"]
[ECO "A07"]
[WhiteElo "1829"]
[BlackElo "1425"]
[Annotator "NA RC"]
[PlyCount "48"]
[EventDate "2024.01.01"]
[EventType "swiss"]
[EventCountry "GER"]
[SourceTitle "playchess.com"]
[Source "ChessBase"]
[SourceQuality "1"]
[TimeControl "40/5400+30:1800+30"]

1. Nf3 d5 2. g3 c6 3. Bg2 f5 4. d3 Nf6 5. Nbd2 Nbd7 6. O-O e6 7. b3 Bd6 8. Bb2 O-O 9. Re1 Nb6 10. e4 fxe4 11. dxe4 Bc5 12. h3 Bd7 13. Bd4 Bxd4 14. Nxd4 c5 15. N4f3 Qc7 16. e5 Nh5 17. Ng5 g6 18. Bf3 Ng7 19. h4 Rf5 20. c4 Rxe5 21. cxd5 exd5 22. Rxe5 Qxe5 23. Rc1 h6 24. Qc2 Bf5 0-1

[Event "Niedersachsen-ch B 2024"]
[Site "Verden Aller"]
[Date "2024.01.06"]
[Round "6.7"]
[White "Pac, Maksym"]
[Black "Kewe, Stefan"]
[Result "0-1"]
[ECO "A43"]
[WhiteElo "1416"]
[BlackElo "1737"]
[Annotator "NA RC"]
[PlyCount "52"]
[EventDate "2024.01.01"]
[EventType "swiss"]
[EventCountry "GER"]
[SourceTitle "playchess.com"]
[Source "ChessBase"]
[SourceQuality "1"]
[TimeControl "40/5400+30:1800+30"]

1. d4 Nf6 2. Nc3 c5 3. d5 d6 4. e4 g6 5. Be2 Bg7 6. Nf3 O-O 7. O-O a6 8. a4 Bg4 9. h3 Bxf3 10. Bxf3 Nbd7 11. Bf4 Rb8 12. Qd3 Qc7 13. Be2 Rfc8 14. Qc4 Nb6 15. Qd3 c4 16. Qe3 Nbd7 17. a5 b5 18. axb6 Rxb6 19. Ra4 Rxb2 20. Rxa6 Qb7 21. Ra4 Ne8 22. Bxc4 Qb6 23. Qd2 Nc5 24. Be3 Bxc3 25. Qxc3 Nxa4 26. Qa3 Qb4 0-1

[Event "Niedersachsen-ch B 2024"]
[Site "Verden Aller"]
[Date "2024.01.06"]
[Round "6.8"]
[White "Spieker, Hans-Joachim"]
[Black "Kesselhut, Pascal"]
[Result "1/2-1/2"]
[ECO "E01"]
[WhiteElo "1719"]
[BlackElo "1425"]
[Annotator "NA RC"]
[PlyCount "61"]
[EventDate "2024.01.01"]
[EventType "swiss"]
[EventCountry "GER"]
[SourceTitle "playchess.com"]
[Source "ChessBase"]
[SourceQuality "1"]
[TimeControl "40/5400+30:1800+30"]

1. Nf3 d5 2. c4 Nf6 3. g3 e6 4. Bg2 c5 5. cxd5 exd5 6. d4 Nc6 7. O-O cxd4 8. Nxd4 Bc5 9. Nb3 Be7 10. N1d2 O-O 11. Nf3 Be6 12. a3 Rc8 13. Nbd4 h6 14. b4 Qd7 15. Nxe6 fxe6 16. Bb2 Bd6 17. Qa4 a6 18. Rac1 e5 19. Rfd1 Qf7 20. Rxc6 Rxc6 21. Nxe5 Bxe5 22. Bxe5 Ne4 23. f4 Rfc8 24. Bf3 Rc2 25. Qb3 R8c4 26. Qd3 Rc1 27. Kg2 Rxd1 28. Qxd1 Qd7 29. Qd3 Qc6 30. Qe3 Kh7 31. g4 1/2-1/2

[Event "Niedersachsen-ch B 2024"]
[Site "Verden Aller"]
[Date "2024.01.06"]
[Round "6.9"]
[White "Schoettker, Jochen"]
[Black "Bangert, Jonas"]
[Result "1/2-1/2"]
[ECO "A00"]
[WhiteElo "1875"]
[BlackElo "1527"]
[Annotator "NA RC"]
[PlyCount "114"]
[EventDate "2024.01.01"]
[EventType "swiss"]
[EventCountry "GER"]
[SourceTitle "playchess.com"]
[Source "ChessBase"]
[SourceQuality "1"]
[TimeControl "40/5400+30:1800+30"]

1. b4 d5 2. Bb2 Nf6 3. e3 Bg4 4. Be2 Bxe2 5. Qxe2 Nbd7 6. f4 e6 7. a3 a6 8. Nf3 c5 9. bxc5 Bxc5 10. O-O O-O 11. c4 dxc4 12. Qxc4 b5 13. Qe2 Nb6 14. Bxf6 Qxf6 15. d4 Be7 16. Nbd2 Rfc8 17. Qd3 Qg6 18. e4 Qh5 19. Rfc1 g5 20. fxg5 Bxg5 21. Nxg5 Qxg5 22. Rf1 Nc4 23. Nxc4 Rxc4 24. Rad1 Rac8 25. Rf3 Qe7 26. Rg3+ Kh8 27. d5 exd5 28. exd5 Re4 29. Rf3 Rd8 30. d6 Re1+ 31. Rxe1 Qxe1+ 32. Rf1 Qe6 33. Qd4+ Kg8 34. Rd1 a5 35. h3 Rd7 36. Rd3 f6 37. Qc5 Qe1+ 38. Kh2 Qe5+ 39. Qxe5 fxe5 40. Rd5 b4 41. axb4 axb4 42. Rb5 Rxd6 43. Rxb4 Re6 44. Kg3 Kg7 45. Kf3 Kf6 46. Ke4 Rd6 47. g4 h5 48. gxh5 Rd4+ 49. Rxd4 exd4 50. h4 d3 51. Kxd3 Kg7 52. Ke4 Kh6 53. Kf4 Kxh5 54. Kg3 Kh6 55. Kg4 Kh7 56. Kg5 Kh8 57. Kg6 Kg8 1/2-1/2

[Event "Niedersachsen-ch B 2024"]
[Site "Verden Aller"]
[Date "2024.01.06"]
[Round "6.10"]
[White "Golke, Philipp"]
[Black "Balazs, Kata"]
[Result "1/2-1/2"]
[ECO "B01"]
[WhiteElo "1490"]
[BlackElo "1723"]
[Annotator "NA RC"]
[PlyCount "87"]
[EventDate "2024.01.01"]
[EventType "swiss"]
[EventCountry "GER"]
[SourceTitle "playchess.com"]
[Source "ChessBase"]
[SourceQuality "1"]
[TimeControl "40/5400+30:1800+30"]

1. e4 d5 2. exd5 Qxd5 3. Nc3 Qa5 4. Nf3 Nf6 5. Bc4 Bg4 6. h3 Bxf3 7. Qxf3 c6 8. O-O e6 9. d3 Bd6 10. Bd2 Qc7 11. Rfe1 O-O 12. Bg5 Nbd7 13. Bxf6 Nxf6 14. Ne4 Be5 15. c3 Rfd8 16. d4 Nxe4 17. Qxe4 Bf6 18. Rad1 Rd7 19. d5 cxd5 20. Bxd5 Rad8 21. Bb3 Rd2 22. Rxd2 Rxd2 23. Re2 Qd7 24. Qe3 Bg5 25. Rxd2 Qxd2 26. Qxd2 Bxd2 27. Bc2 Kf8 28. Kf1 Bc1 29. b3 Bb2 30. c4 Ke7 31. Ke2 f5 32. f3 h5 33. Ke3 g5 34. g4 Kf6 35. b4 hxg4 36. hxg4 Ke5 37. gxf5 exf5 38. b5 b6 39. Kf2 Kf4 40. Ke2 Bd4 41. Kf1 Kxf3 42. Bxf5 g4 43. Be6 g3 44. Bd5+ 1/2-1/2

[Event "Niedersachsen-ch B 2024"]
[Site "Verden Aller"]
[Date "2024.01.06"]
[Round "6.11"]
[White "Fels, Mattis"]
[Black "Leppert, Hans-Juergen"]
[Result "0-1"]
[ECO "D00"]
[WhiteElo "1572"]
[BlackElo "1683"]
[Annotator "NA RC"]
[PlyCount "140"]
[EventDate "2024.01.01"]
[EventType "swiss"]
[EventCountry "GER"]
[SourceTitle "playchess.com"]
[Source "ChessBase"]
[SourceQuality "1"]
[TimeControl "40/5400+30:1800+30"]

1. d4 Nf6 2. Nc3 e6 3. Bf4 d5 4. Nb5 Bb4+ 5. c3 Ba5 6. b4 Bb6 7. a4 a6 8. a5 axb5 9. axb6 Rxa1 10. Qxa1 Na6 11. e3 Bd7 12. Nf3 cxb6 13. Bd3 O-O 14. Ne5 Ne8 15. h4 f6 16. Nf3 Bc6 17. Qb1 f5 18. g4 Nd6 19. Bxd6 Qxd6 20. gxf5 exf5 21. Bxf5 g6 22. Rg1 Kh8 23. Bg4 Be8 24. Rh1 h5 25. Ng5 hxg4 26. h5 Kg7 27. h6+ Kh8 28. Qd1 Qf6 29. f4 gxf3 30. Nh3 Qh4+ 31. Nf2 Qg3 32. Qd2 Bf7 33. h7 Re8 34. Kd1 Qg5 35. e4 Qxd2+ 36. Kxd2 dxe4 37. Ng4 Bd5 38. Ne5 e3+ 39. Kxe3 Kg7 40. Kf2 Rh8 41. Nxf3 Bxf3 42. Kxf3 Rxh7 43. Rxh7+ Kxh7 44. Kg4 Kh6 45. Kf4 g5+ 46. Kg4 Kg6 47. d5 Nb8 48. d6 Nd7 49. Kg3 Kf5 50. Kg2 Kg4 51. Kf2 Kh3 52. Kg1 Kg3 53. Kf1 Kh2 54. c4 bxc4 55. b5 g4 56. Ke2 g3 57. Ke3 g2 58. Kd4 g1=Q+ 59. Kxc4 Qc5+ 60. Kd3 Qxb5+ 61. Kd4 Qc5+ 62. Ke4 Qxd6 63. Kf5 Qe5+ 64. Kg4 Nf6+ 65. Kf3 Qe4+ 66. Kf2 Ng4+ 67. Kf1 Qc2 68. Ke1 Qf2+ 69. Kd1 Ne3+ 70. Kc1 Qc2# 0-1

[Event "Niedersachsen-ch B 2024"]
[Site "Verden Aller"]
[Date "2024.01.06"]
[Round "6.12"]
[White "Junge, Julia Marie"]
[Black "Direk, Oguzhan"]
[Result "0-1"]
[ECO "B48"]
[WhiteElo "1401"]
[BlackElo "1657"]
[Annotator "NA RC"]
[PlyCount "118"]
[EventDate "2024.01.01"]
[EventType "swiss"]
[EventCountry "GER"]
[SourceTitle "playchess.com"]
[Source "ChessBase"]
[SourceQuality "1"]
[TimeControl "40/5400+30:1800+30"]

1. e4 c5 2. Nf3 e6 3. d4 cxd4 4. Nxd4 Nc6 5. a3 Qc7 6. Nc3 a6 7. Be3 Nf6 8. Be2 Ne5 9. h3 b5 10. O-O Bb7 11. f4 Nc4 12. Bxc4 Qxc4 13. e5 Nd5 14. Nxd5 Qxd5 15. Nf3 Bc5 16. Bxc5 Qxc5+ 17. Kh2 O-O 18. Rc1 Bd5 19. Qd4 Rfc8 20. Qf2 a5 21. Qh4 Bxf3 22. Rxf3 Qd4 23. Rg3 d6 24. Qf6 g6 25. h4 dxe5 26. fxe5 Rc4 27. Kh3 Qd8 28. Rf3 Qxf6 29. exf6 Rd8 30. Rf2 Rd5 31. g4 h5 32. Rg2 Rf4 33. Rcg1 Rxf6 34. gxh5 Rxh5 35. Rg5 Rf3+ 36. R5g3 Rxg3+ 37. Rxg3 Rd5 38. Rg2 Kg7 39. Kg3 f5 40. Kf3 Kf6 41. Rh2 e5 42. Ke2 e4 43. h5 gxh5 44. Rxh5 Kg6 45. Rh3 f4 46. b3 Rc5 47. Kd2 e3+ 48. Kd1 Kg5 49. Rh8 Kg4 50. Rg8+ Kf3 51. Rh8 Rd5+ 52. Ke1 Rg5 53. Rh3+ Rg3 54. Rh1 Kg2 55. Rf1 Rf3 56. Rxf3 Kxf3 57. c4 bxc4 58. bxc4 Ke4 59. c5 Kd5 0-1

[Event "Niedersachsen-ch B 2024"]
[Site "Verden Aller"]
[Date "2024.01.06"]
[Round "6.13"]
[White "Grabowski, Petra"]
[Black "ter Stal, Esther"]
[Result "0-1"]
[ECO "E12"]
[WhiteElo "1600"]
[BlackElo "1486"]
[Annotator "NA"]
[PlyCount "134"]
[EventDate "2024.01.01"]
[EventType "swiss"]
[EventCountry "GER"]
[SourceTitle "playchess.com"]
[Source "ChessBase"]
[SourceQuality "1"]
[TimeControl "40/5400+30:1800+30"]

1. d4 Nf6 2. c4 e6 3. Nf3 b6 4. a3 Bb7 5. Nc3 Be7 6. Bg5 Ne4 7. Bxe7 Qxe7 8. Nxe4 Bxe4 9. e3 O-O 10. Bd3 Bb7 11. O-O f5 12. Qe2 d6 13. e4 fxe4 14. Bxe4 Bxe4 15. Qxe4 Nd7 16. Rae1 Rae8 17. b4 c5 18. d5 e5 19. b5 a6 20. a4 a5 21. Nd2 Qg5 22. Qe3 Qh5 23. Ne4 Qg6 24. Qg3 Qh6 25. Qh3 Qxh3 26. gxh3 Rf3 27. Re3 Ref8 28. Rfe1 R3f4 29. R1e2 Kf7 30. Nxd6+ Ke7 31. Ne4 h6 32. Kg2 Nf6 33. Nd2 Nd7 34. Rf3 Rxf3 35. Nxf3 Kd6 36. Nd2 Rf4 37. Re4 Rf5 38. Rg4 g5 39. Re4 Nf6 40. Re3 Rf4 41. f3 Rd4 42. Ne4+ Nxe4 43. Rxe4 Rd2+ 44. Kg3 Ra2 45. h4 Rxa4 46. hxg5 hxg5 47. Kg4 Rb4 48. Kxg5 a4 49. Kf6 a3 50. Rxe5 Rxc4 51. Re8 Rf4+ 52. Kg5 Ra4 53. Re1 Kxd5 54. h4 a2 55. Ra1 Kc4 56. h5 Kb3 57. h6 Kb2 58. h7 Ra8 59. Rh1 a1=Q 60. Rxa1 Kxa1 61. Kg6 c4 62. Kg7 c3 63. h8=Q Rxh8 64. Kxh8 c2 65. f4 c1=Q 66. f5 Qf4 67. Kg7 Qxf5 0-1

[Event "Niedersachsen-ch B 2024"]
[Site "Verden Aller"]
[Date "2024.01.06"]
[Round "6.16"]
[White "Schumacher, Klaus"]
[Black "Eitel, Luc"]
[Result "1-0"]
[ECO "D35"]
[WhiteElo "1724"]
[BlackElo "1535"]
[Annotator "NA RC"]
[PlyCount "92"]
[EventDate "2024.01.01"]
[EventType "swiss"]
[EventCountry "GER"]
[SourceTitle "playchess.com"]
[Source "ChessBase"]
[SourceQuality "1"]
[TimeControl "40/5400+30:1800+30"]

1. c4 e6 2. d4 d5 3. cxd5 exd5 4. Nc3 Nf6 5. Nf3 Bd6 6. Nb5 Bb4+ 7. Bd2 Bxd2+ 8. Qxd2 O-O 9. e3 Bf5 10. Bd3 Bxd3 11. Qxd3 c6 12. Nc3 Qb6 13. O-O Nbd7 14. b3 Rfe8 15. Rac1 Ne4 16. Nd2 Ndf6 17. Ndxe4 Nxe4 18. Rc2 Nxc3 19. Qxc3 Re6 20. b4 a6 21. a4 Rc8 22. Rb1 Qc7 23. b5 axb5 24. axb5 h6 25. Qd3 Qd7 26. bxc6 Rexc6 27. Rxc6 Qxc6 28. h3 Rb8 29. Qb5 Qc4 30. Qxc4 dxc4 31. Rb5 b6 32. Kf1 c3 33. Rb1 b5 34. Ke2 b4 35. Kd3 Kf8 36. Kc2 Ke7 37. Kb3 Kd6 38. e4 Re8 39. f3 Rb8 40. Ra1 Rb6 41. Ra2 f6 42. Re2 Kc6 43. Rc2 Kb5 44. Ra2 Rd6 45. d5 Rb6 46. Ra4 Rb7 1-0

[Event "Niedersachsen-ch B 2024"]
[Site "Verden Aller"]
[Date "2024.01.06"]
[Round "6.17"]
[White "Nordhorn, Horst"]
[Black "Pfeifer, Frank"]
[Result "1-0"]
[ECO "B07"]
[WhiteElo "1696"]
[BlackElo "1529"]
[Annotator "NA RC"]
[PlyCount "79"]
[EventDate "2024.01.01"]
[EventType "swiss"]
[EventCountry "GER"]
[SourceTitle "playchess.com"]
[Source "ChessBase"]
[SourceQuality "1"]
[TimeControl "40/5400+30:1800+30"]

1. d4 Nf6 2. Nc3 d6 3. e4 Nbd7 4. f4 c5 5. d5 a6 6. a4 g6 7. Nf3 Bg7 8. Bc4 O-O 9. O-O Nb6 10. Be2 e6 11. a5 Nbd7 12. dxe6 Nb8 13. exf7+ Kh8 14. Bc4 Nc6 15. Ng5 Ng4 16. Be6 Bd4+ 17. Kh1 Nf2+ 18. Rxf2 Bxf2 19. Bxc8 Rxc8 20. Ne6 Qf6 21. Nxf8 Rxf8 22. Nd5 Qe6 23. Qf3 Bd4 24. c3 Bg7 25. Bd2 Qxf7 26. g3 h5 27. Kg2 Ne5 28. Qe2 Ng4 29. h3 Nf6 30. Qc4 Re8 31. Re1 Bh6 32. Qd3 Nxd5 33. Qxd5 Qxd5 34. exd5 Rxe1 35. Bxe1 Kg7 36. Kf3 Kf6 37. Ke4 Bf8 38. c4 Be7 39. Bc3+ Kf7 40. b4 1-0

[Event "Niedersachsen-ch B 2024"]
[Site "Verden Aller"]
[Date "2024.01.06"]
[Round "6.18"]
[White "Warns, Harald"]
[Black "Bartel, Reinhard"]
[Result "1-0"]
[ECO "D40"]
[WhiteElo "1683"]
[BlackElo "1525"]
[Annotator "NA RC"]
[PlyCount "66"]
[EventDate "2024.01.01"]
[EventType "swiss"]
[EventCountry "GER"]
[SourceTitle "playchess.com"]
[Source "ChessBase"]
[SourceQuality "1"]
[TimeControl "40/5400+30:1800+30"]

1. d4 Nf6 2. c4 e6 3. Nf3 c5 4. e3 Nc6 5. a3 a5 6. Nc3 d5 7. dxc5 Bxc5 8. cxd5 exd5 9. Bb5 O-O 10. O-O Bg4 11. h3 Bh5 12. Be2 Re8 13. Na4 Ba7 14. Re1 Rc8 15. Bd2 Ne4 16. Rc1 Qd6 17. g4 Bg6 18. Bb5 Nxd2 19. Nxd2 Qe6 20. Qf3 Qf6 21. Qf4 Qe6 22. Nc5 Qe7 23. Nd3 Red8 24. Qa4 Qh4 25. Kg2 Bxd3 26. Bxd3 Ne5 27. Rxc8 Rxc8 28. Rc1 Rd8 29. Be2 Nc6 30. Bb5 Qf6 31. Bxc6 bxc6 32. Rxc6 Qxb2 33. Qxa5 Ra8 1-0

[Event "Niedersachsen-ch B 2024"]
[Site "Verden Aller"]
[Date "2024.01.06"]
[Round "6.20"]
[White "Schoenfelder, Dennis Yoel"]
[Black "Frese, Immo"]
[Result "1-0"]
[ECO "B01"]
[WhiteElo "1370"]
[BlackElo "1642"]
[Annotator "NA RC"]
[PlyCount "71"]
[EventDate "2024.01.01"]
[EventType "swiss"]
[EventCountry "GER"]
[SourceTitle "playchess.com"]
[Source "ChessBase"]
[SourceQuality "1"]
[TimeControl "40/5400+30:1800+30"]

1. e4 d5 2. exd5 Qxd5 3. Nf3 Nf6 4. d4 Bf5 5. c4 Qd8 6. Nc3 e6 7. Be2 Be7 8. O-O O-O 9. h3 h6 10. Be3 Nbd7 11. Rc1 c6 12. Bd3 Bxd3 13. Qxd3 Nb6 14. Rfd1 Bb4 15. a3 Bxc3 16. Qxc3 Qe7 17. Ne5 Rfd8 18. Nd3 Ne4 19. Qc2 Rac8 20. f3 Nf6 21. Bf2 Qc7 22. Nc5 Nbd7 23. Ne4 Nxe4 24. fxe4 Nf6 25. e5 Nd7 26. Bh4 Re8 27. b4 b6 28. Bg3 Red8 29. Qe4 c5 30. bxc5 bxc5 31. d5 exd5 32. cxd5 Re8 33. d6 Qc6 34. Qxc6 Rxc6 35. Re1 f6 36. e6 1-0

[Event "Niedersachsen-ch B 2024"]
[Site "Verden Aller"]
[Date "2024.01.06"]
[Round "6.21"]
[White "Sanchez Tapia, Luis G."]
[Black "Weist, Hartmut"]
[Result "0-1"]
[ECO "E20"]
[WhiteElo "1576"]
[BlackElo "1581"]
[Annotator "NA RC"]
[PlyCount "114"]
[EventDate "2024.01.01"]
[EventType "swiss"]
[EventCountry "GER"]
[SourceTitle "playchess.com"]
[Source "ChessBase"]
[SourceQuality "1"]
[TimeControl "40/5400+30:1800+30"]

1. d4 Nf6 2. c4 e6 3. Nc3 Bb4 4. f3 d5 5. a3 Bxc3+ 6. bxc3 Bd7 7. e3 c5 8. Bd3 Nc6 9. cxd5 exd5 10. Ne2 c4 11. Bc2 b5 12. Nf4 a5 13. Bd2 Rb8 14. O-O b4 15. axb4 axb4 16. cxb4 Nxb4 17. Bxb4 Rxb4 18. e4 dxe4 19. fxe4 O-O 20. Qd2 Rb8 21. e5 Ng4 22. Ra3 Qb6 23. Kh1 Rfd8 24. Rg3 Qb4 25. Qc1 c3 26. h3 Qxd4 27. hxg4 Qxe5 28. Rxc3 Bxg4 29. Rg3 h5 30. Qe3 Qxe3 31. Rxe3 Rd2 32. Bd3 g5 33. Nd5 Kg7 34. Nf6 Rbb2 35. Nxg4 hxg4 36. Rg3 Rb3 37. Rxf7+ Kxf7 38. Bc4+ Kf6 39. Rxb3 Ke5 40. Rd3 Rb2 41. g3 Rb1+ 42. Kg2 Rc1 43. Bb3 Rb1 44. Bd5 Rb2+ 45. Kf1 Rb1+ 46. Ke2 Rb2+ 47. Ke3 Rb1 48. Bc6 Rg1 49. Kd2 Ra1 50. Bd7 Ra2+ 51. Kc3 Ke4 52. Bc6+ Ke5 53. Rd5+ Kf6 54. Kb3 Re2 55. Bd7 Re3+ 56. Rd3 Rxd3+ 57. Kc4 Ke5 0-1

[Event "Niedersachsen-ch B 2024"]
[Site "Verden Aller"]
[Date "2024.01.06"]
[Round "6.22"]
[White "Nguyen, Laurentius"]
[Black "Laun, Kurt"]
[Result "1-0"]
[ECO "A05"]
[WhiteElo "1546"]
[BlackElo "1448"]
[Annotator "NA RC"]
[PlyCount "83"]
[EventDate "2024.01.01"]
[EventType "swiss"]
[EventCountry "GER"]
[SourceTitle "playchess.com"]
[Source "ChessBase"]
[SourceQuality "1"]
[TimeControl "40/5400+30:1800+30"]

1. e4 c5 2. Nf3 Nc6 3. d3 d6 4. g3 Nf6 5. Bg2 g6 6. O-O Bg7 7. Re1 O-O 8. c3 Rb8 9. Nh4 Bg4 10. f3 Bc8 11. f4 Bg4 12. Nf3 e5 13. h3 Bxf3 14. Qxf3 b5 15. f5 Qc7 16. g4 b4 17. g5 Nd7 18. f6 Bh8 19. Nd2 Rfd8 20. Qf2 Nf8 21. Nc4 Ne6 22. Ne3 Qd7 23. Ng4 a5 24. Qg3 a4 25. a3 bxc3 26. bxc3 Rb7 27. Rf1 Rdb8 28. h4 Rb3 29. Qe1 Nxg5 30. Nh6+ Kf8 31. Bxg5 Nd8 32. Rf2 Qb5 33. Bf1 Qb6 34. Ng4 Ne6 35. Bh6+ Ke8 36. Ne3 Nf4 37. Bxf4 exf4 38. Rxf4 c4 39. d4 Qa5 40. Nxc4 Qc7 41. Ne3 R8b5 42. Bxb5+ 1-0

[Event "Niedersachsen-ch B 2024"]
[Site "Verden Aller"]
[Date "2024.01.06"]
[Round "6.23"]
[White "Lieb, Max"]
[Black "Wilmink, Luca"]
[Result "1/2-1/2"]
[ECO "B31"]
[WhiteElo "1365"]
[BlackElo "1539"]
[Annotator "NA RC"]
[PlyCount "86"]
[EventDate "2024.01.01"]
[EventType "swiss"]
[EventCountry "GER"]
[SourceTitle "playchess.com"]
[Source "ChessBase"]
[SourceQuality "1"]
[TimeControl "40/5400+30:1800+30"]

1. e4 c5 2. Nf3 Nc6 3. Bb5 g6 4. O-O Bg7 5. Bxc6 dxc6 6. d3 Nf6 7. h3 O-O 8. Be3 b6 9. Re1 Qc7 10. Nbd2 Ba6 11. a4 Rfd8 12. a5 Qb7 13. Qc1 Nd7 14. Nc4 Bxc4 15. dxc4 bxa5 16. c3 a4 17. Rxa4 Nb6 18. Ra2 Nxc4 19. Bxc5 Qb3 20. Rxa7 Rxa7 21. Bxa7 Qxb2 22. Bd4 Qxc1 23. Rxc1 e5 24. Bc5 Nd2 25. Nxd2 Rxd2 26. Be3 Ra2 27. Kf1 h5 28. Ke1 Kh7 29. g4 f6 30. Rd1 Rc2 31. Rc1 Rxc1+ 32. Bxc1 Bh6 33. Ba3 Bf4 34. Ke2 hxg4 35. hxg4 Kh6 36. Bc5 Kg5 37. f3 Kh4 38. Be7 Bg5 39. Kf2 Kh3 40. c4 Bh4+ 41. Ke2 Kg3 42. Bd8 Bg5 43. Be7 Kg2 1/2-1/2

[Event "Niedersachsen-ch B 2024"]
[Site "Verden Aller"]
[Date "2024.01.06"]
[Round "6.24"]
[White "Rose, Simeon"]
[Black "Schlaetker, Christine"]
[Result "1-0"]
[ECO "C50"]
[WhiteElo "1368"]
[BlackElo "1745"]
[Annotator "NA RC"]
[PlyCount "105"]
[EventDate "2024.01.01"]
[EventType "swiss"]
[EventCountry "GER"]
[SourceTitle "playchess.com"]
[Source "ChessBase"]
[SourceQuality "1"]
[TimeControl "40/5400+30:1800+30"]

1. e4 e5 2. Nf3 Nc6 3. Bc4 Bc5 4. d3 h6 5. Be3 Bb6 6. Nc3 d6 7. Nd5 Bd7 8. Nxb6 axb6 9. a3 Nf6 10. h3 Ne7 11. O-O b5 12. Bb3 c5 13. Nd2 Ng6 14. Ba2 O-O 15. c3 Qc8 16. Qf3 Be6 17. c4 bxc4 18. Nxc4 Qd8 19. Rfb1 Nh4 20. Qe2 b5 21. Nd2 Qd7 22. Bxe6 Qxe6 23. b4 c4 24. dxc4 bxc4 25. Qxc4 Qxc4 26. Nxc4 Nxe4 27. Rd1 Rfd8 28. Bb6 Nc3 29. Rd3 Ne2+ 30. Kf1 Nf4 31. Rxd6 Rxd6 32. Nxd6 Nhxg2 33. a4 Nh4 34. Nc4 Nf3 35. a5 Rc8 36. Bc5 Nh2+ 37. Ke1 Nd3+ 38. Ke2 Nxb4 39. Bxb4 Rxc4 40. a6 Re4+ 41. Kd3 Rd4+ 42. Ke2 Re4+ 43. Kd3 Rd4+ 44. Ke3 Rd8 45. a7 Ra8 46. Bd6 f6 47. Bb8 Kf7 48. Rh1 Ke6 49. Rxh2 Kf5 50. h4 g5 51. hxg5 Kxg5 52. Ke4 h5 53. Rg2+ 1-0

[Event "Niedersachsen-ch B 2024"]
[Site "Verden Aller"]
[Date "2024.01.06"]
[Round "6.25"]
[White "Schiel, Lucas"]
[Black "Frowein, Ernst Holger"]
[Result "0-1"]
[ECO "E61"]
[WhiteElo "1312"]
[BlackElo "1755"]
[Annotator "NA RC"]
[PlyCount "66"]
[EventDate "2024.01.01"]
[EventType "swiss"]
[EventCountry "GER"]
[SourceTitle "playchess.com"]
[Source "ChessBase"]
[SourceQuality "1"]
[TimeControl "40/5400+30:1800+30"]

1. d4 Nf6 2. c4 d6 3. Nc3 g6 4. e4 Nbd7 5. Nf3 c5 6. d5 Bg7 7. Bf4 Nh5 8. Bd2 O-O 9. Be2 Nhf6 10. Bf4 Qa5 11. O-O Re8 12. Re1 Qb6 13. Qd2 Ng4 14. Bg3 Nge5 15. Bf1 Nxf3+ 16. gxf3 Ne5 17. Bxe5 Bxe5 18. f4 Bg7 19. e5 Bf5 20. Bd3 Bh3 21. Qe3 Bd7 22. b3 a6 23. Ne2 Qc7 24. Ng3 Rad8 25. Rad1 Qc8 26. e6 fxe6 27. dxe6 Bc6 28. f5 Rf8 29. fxg6 Bd4 30. Qh6 Bxf2+ 31. Kf1 Be3+ 32. Ke2 Bxh6 33. gxh7+ Kh8 0-1